Map: Catalesque CE

Players

Predestinato

  • Race: Terran Terran
  • League: Diamond
  • Spawn Location: 5:00

DarkSide

  • Race: Protoss Protoss
  • League: Diamond
  • Spawn Location: 5:00

Ekelpack - Winner!

  • Race: Zerg Zerg
  • Spawn Location: 11:00

Nyck - Winner!

  • Race: Terran Terran
  • Spawn Location: 11:00

VOD

Have the link to the VOD?

Description

Time

  • Played on: Nov. 19, 2024, 2:38 p.m.
  • Length: 15:35
Show
View Real Time Build Order
Export as new Build Order

Predestinato Terran 

Build Orders:  

Get SALT Encoding   

  12  0:00  SCV  
  13  0:12  SCV  
  14  0:18  Supply Depot  
  14  0:24  SCV  
  15  0:39  SCV  
  15  0:42  Supply Depot  
  16  0:51  SCV  
  16  0:52  Refinery  
  17  1:03  Barracks  
  17  1:08  SCV  
  17  1:09  Refinery  
  18  1:20  Barracks  
  18  1:25  SCV  
  19  1:37  SCV  
  20  1:49  SCV  
  20  1:52  Reaper  
  22  2:01  SCV  
  22  2:08  Supply Depot  
  23  2:11  Reaper  
  24  2:24  Reaper  
  25  2:43  Reaper  
  26  2:48  Barracks x2  
  22  3:09  Reaper  
  23  3:15  Reaper  
  24  3:32  Orbital Command  
  24  3:41  Reaper x3  
  26  3:47  Reaper  
  27  4:13  Reaper  
  27  4:14  Barracks Reactor  
  27  4:16  Barracks Tech Lab  
  28  4:21  Reaper  
  29  4:27  SCV  
  29  4:34  Factory  
  29  4:39  SCV  
  30  5:16  Stimpack  
  30  5:17  Marine x2  
  30  5:18  Marauder, Factory Tech Lab  
  30  5:20  Supply Depot  
  33  5:42  Marine x2  
  22  5:44  Cyclone  
  22  5:45  Marine  
  27  5:58  SCV  
  28  6:10  SCV  
  29  6:16  Widow Mine  
  29  6:31  SCV  
  30  6:33  Barracks Reactor  
  30  6:36  Barracks Tech Lab  
  30  6:37  Widow Mine  
  32  6:43  SCV  
  32  6:46  Armory  
  33  6:52  Marine, Marauder  
  33  6:53  Marine  
  37  6:55  Combat Shield  
  37  6:56  Marine  
  37  6:57  Concussive Shells  
  37  6:58  Siege Tank  
  41  7:10  Marine x2  
  43  7:17  SCV  
  44  7:29  SCV  
  45  7:35  Engineering Bay x2  
  45  7:48  Command Center  
  47  7:58  Marauder  
  47  8:10  Marauder  
  47  8:12  Supply Depot  
  49  8:18  Terran Infantry Weapons Level 1  
  49  8:21  Terran Infantry Armor Level 1  
  49  8:26  Drilling Claws  
  49  8:29  Marine  
  49  8:32  Marine  
  51  8:37  Widow Mine  
  51  8:40  Marine  
  43  9:00  Marine x4  
  47  9:10  Terran Vehicle Weapons Level 1  
  47  9:11  Missile Turret  
  47  9:22  Marine x4  
  47  9:23  Marine  
  52  9:26  Marine  
  53  9:32  SCV  
  54  9:48  Missile Turret  
  32  10:12  Marine x2, Marauder  
  32  10:13  Marauder  
  38  10:26  Marine  
  38  10:27  Marine  
  40  10:30  Marine x2  
  40  10:34  Marauder x2  
  42  10:49  Marine  
  42  10:50  Marine x3  
  42  10:55  Marine, Marauder  
  48  11:03  Widow Mine  
  50  11:19  Marine x2  
  50  11:20  Marine x4  
  56  11:39  Terran Infantry Weapons Level 2  
  56  11:52  Marine, Command Center  
  56  11:53  Marine x2  
  59  11:54  Terran Infantry Armor Level 2  
  59  12:04  Supply Depot  
  59  12:07  Starport  
  59  12:10  Marine x2, Marauder  
  63  12:42  Marine x2  
  65  12:59  Supply Depot  
  65  13:02  Supply Depot  
  65  13:10  Siege Tank  
  68  13:14  Barracks Reactor  
  67  13:41  Missile Turret  
  67  13:46  Sensor Tower  
  66  14:13  Marine  
  66  14:14  Marauder  
  67  14:30  Command Center  
  63  14:58  Marine  
  63  14:59  Marine x3, Marauder x2  
Show
View Real Time Build Order
Export as new Build Order

DarkSide Protoss 

Build Orders: Carriers 

Get SALT Encoding   

  12  0:04  Probe  
  13  0:16  Probe  
  14  0:22  Pylon  
  14  0:35  Probe  
  15  0:47  Probe (Chrono Boost)  
  16  0:50  Gateway  
  16  0:53  Forge  
  16  0:59  Probe (Chrono Boost)  
  17  1:07  Assimilator  
  17  1:09  Assimilator  
  17  1:15  Probe  
  18  1:27  Probe (Chrono Boost)  
  18  1:28  Photon Cannon  
  19  1:39  Probe (Chrono Boost)  
  20  1:46  Probe (Chrono Boost)  
  21  1:57  Nexus  
  21  2:03  Probe  
  22  2:13  Cybernetics Core  
  22  2:18  Pylon  
  22  2:21  Probe  
  23  2:36  Zealot, Probe  
  26  2:42  Photon Cannon  
  26  2:52  Probe  
  27  3:04  Probe  
  27  3:05  Shield Battery  
  28  3:11  Stargate  
  28  3:16  Stargate  
  28  3:19  Probe  
  29  3:33  Stalker (Chrono Boost)  
  32  3:48  Probe  
  34  4:00  Probe  
  34  4:01  Void Ray  
  35  4:06  Probe  
  40  4:10  Void Ray  
  40  4:12  Assimilator, Probe  
  40  4:15  Assimilator  
  41  4:24  Probe (Chrono Boost)  
  41  4:29  Probe (Chrono Boost)  
  43  4:37  Probe (Chrono Boost)  
  45  4:39  Protoss Air Weapons Level 1  
  45  4:41  Probe (Chrono Boost)  
  45  4:42  Probe (Chrono Boost)  
  46  4:56  Pylon  
  46  4:58  Pylon, Protoss Shields Level 1  
  46  5:00  Pylon  
  46  5:01  Pylon  
  47  5:14  Probe  
  51  5:22  Void Ray  
  51  5:26  Probe  
  46  5:36  Phoenix  
  46  5:42  Pylon  
  48  5:46  Photon Cannon  
  46  6:00  Phoenix  
  48  6:05  Nexus  
  48  6:13  Phoenix  
  49  6:28  Phoenix  
  51  6:33  Fleet Beacon  
  51  6:34  Stargate  
  51  6:41  Phoenix  
  53  6:50  Nexus  
  48  7:17  Carrier  
  54  7:28  Probe  
  55  7:33  Probe  
  56  7:38  Protoss Air Armor Level 1  
  56  7:40  Probe  
  57  7:45  Probe  
  58  7:52  Probe  
  58  7:57  Probe  
  60  8:00  Cybernetics Core  
  60  8:02  Carrier  
  60  8:04  Probe  
  60  8:05  Probe  
  68  8:17  Probe x2  
  70  8:29  Probe  
  77  8:40  Mothership  
  77  8:41  Probe  
  78  8:55  Protoss Air Weapons Level 2  
  78  9:01  Probe  
  79  9:06  Carrier  
  85  9:13  Twilight Council, Probe  
  86  9:19  Carrier  
  92  9:24  Assimilator  
  92  9:25  Probe  
  92  9:27  Assimilator  
  93  9:37  Probe  
  94  9:41  Carrier  
  100  9:49  Probe  
  101  9:53  Protoss Air Armor Level 2  
  101  10:01  Probe  
  86  10:13  Probe, Carrier  
  93  10:25  Probe  
  74  10:43  Carrier  
  78  10:59  Probe  
  85  11:04  Carrier  
  85  11:10  Probe  
  85  11:11  Mothership, Probe  
  93  11:23  Probe x2  
  95  11:35  Probe x2  
  97  11:47  Probe  
  97  11:52  Protoss Shields Level 2  
  97  11:53  Protoss Air Weapons Level 3  
  98  11:56  Probe  
  98  11:59  Probe  
  101  12:08  Probe  
  101  12:21  Pylon  
  101  12:22  Pylon  
  101  12:23  Pylon  
  101  12:24  Robotics Facility  
  101  12:29  Forge  
  101  12:31  Forge  
  101  12:39  Probe  
  101  12:40  Pylon  
  101  12:42  Pylon  
  102  12:44  Pylon  
  102  12:48  Carrier  
  108  12:52  Protoss Air Armor Level 3  
  108  12:58  Carrier  
  114  13:06  Protoss Ground Weapons Level 1  
  114  13:09  Probe  
  115  13:20  Nexus  
  115  13:21  Probe  
  116  13:30  Carrier  
  116  13:33  Observer  
  116  13:34  Probe  
  124  13:47  Pylon  
  124  13:48  Pylon  
  124  13:51  Pylon  
  124  13:52  Pylon  
  124  13:55  Assimilator  
  124  13:57  Assimilator  
  124  13:58  Probe  
  125  14:10  Probe  
  126  14:23  Probe  
  127  14:35  Probe  
  140  14:56  Probe  
  140  15:08  Probe  
  129  15:20  Probe  
Show
View Real Time Build Order
Export as new Build Order

Ekelpack Zerg - Winner!

Build Orders: Hatch First 

Get SALT Encoding   

  12  0:00  Drone  
  13  0:13  Overlord  
  13  0:19  Drone  
  14  0:32  Drone  
  15  0:47  Hatchery  
  15  0:49  Drone  
  15  1:05  Spawning Pool  
  15  1:07  Drone  
  15  1:11  Extractor  
  14  1:13  Drone  
  14  1:17  Drone  
  16  1:21  Drone  
  17  1:30  Drone  
  18  1:41  Drone  
  19  1:56  Drone  
  19  1:57  Queen  
  19  1:59  Queen  
  24  2:03  Drone  
  25  2:10  Drone  
  25  2:13  Overlord  
  26  2:19  Drone  
  27  2:26  Zergling x2  
  28  2:35  Lair  
  28  2:42  Drone x2  
  28  2:43  Drone  
  31  2:54  Drone x2  
  33  2:59  Zergling x4  
  34  3:08  Metabolic Boost  
  34  3:10  Zergling x4  
  34  3:12  Overlord  
  36  3:15  Extractor  
  36  3:18  Extractor  
  34  3:26  Overlord  
  34  3:28  Drone x2  
  36  3:37  Extractor  
  36  3:40  Drone x2  
  37  3:52  Spire  
  36  4:01  Drone x2  
  36  4:02  Drone  
  39  4:08  Drone x3  
  42  4:16  Drone  
  43  4:17  Drone  
  43  4:18  Drone x2  
  46  4:27  Drone x3  
  49  4:37  Overlord  
  49  4:39  Overlord x2  
  49  5:03  Mutalisk  
  49  5:04  Mutalisk x6  
  49  5:06  Zerg Flyer Weapons Level 1  
  63  5:07  Mutalisk x2  
  67  5:24  Queen  
  67  5:25  Overlord  
  66  5:40  Zergling x12  
  66  5:41  Zergling x2  
  72  5:53  Overlord  
  72  5:54  Mutalisk x4  
  80  6:01  Hatchery  
  79  6:07  Overlord  
  79  6:15  Mutalisk x4  
  87  6:42  Overlord  
  87  6:59  Zergling x6  
  87  7:00  Zergling x6  
  81  7:13  Zergling x6  
  81  7:14  Zergling x10  
  83  7:25  Drone x5  
  88  7:36  Hydralisk Den  
  87  7:40  Evolution Chamber x2  
  85  7:45  Drone x4  
  85  7:46  Drone x2  
  85  7:47  Extractor  
  85  7:49  Extractor  
  89  7:53  Drone x3  
  89  7:57  Infestation Pit  
  91  8:01  Drone  
  91  8:02  Drone x4  
  96  8:09  Zerg Missile Weapons Level 1  
  96  8:10  Zerg Ground Armor Level 1  
  96  8:11  Hydralisk  
  96  8:12  Hydralisk x2  
  102  8:31  Hydralisk x5  
  102  8:33  Overlord x3  
  108  8:54  Hydralisk  
  108  8:55  Hydralisk x5  
  112  8:56  Hydralisk  
  120  9:07  Pneumatized Carapace  
  120  9:20  Grooved Spines  
  120  9:21  Overlord  
  120  9:43  Hatchery  
  120  9:44  Hydralisk x5  
  120  9:45  Hydralisk  
  102  10:10  Muscular Augments, Hydralisk x6  
  111  10:21  Hydralisk  
  111  10:22  Hydralisk x6  
  97  11:11  Drone x5  
  99  11:12  Drone x4  
  99  11:17  Zerg Missile Weapons Level 2, Zerg Ground Armor Level 2  
  106  11:19  Hive  
  106  11:30  Hydralisk x4  
  106  11:31  Hydralisk x6  
  106  11:32  Hydralisk  
  128  11:46  Overlord, Extractor  
  128  11:47  Overlord x2, Extractor  
  126  12:03  Hydralisk x5  
  126  12:05  Overlord  
  136  12:18  Drone x2  
  138  12:47  Hydralisk  
  138  12:48  Hydralisk x6  
  138  12:49  Hydralisk x7  
  138  12:50  Hydralisk  
  168  12:59  Ultralisk Cavern  
  167  13:08  Adrenal Glands  
  167  13:15  Overseer  
  167  13:16  Overseer x2  
  167  13:37  Overlord x2  
  167  13:48  Chitinous Plating  
  167  13:55  Hydralisk x4  
  169  13:56  Hydralisk x4  
  181  14:26  Ultralisk x3  
  199  15:01  Overseer  
Show
View Real Time Build Order
Export as new Build Order

Nyck Terran - Winner!

Build Orders:  

Get SALT Encoding   

  12  0:00  SCV  
  13  0:13  SCV  
  14  0:17  Supply Depot  
  14  0:26  SCV  
  15  0:39  SCV  
  15  0:41  Barracks  
  16  0:48  Refinery  
  16  0:52  SCV  
  17  1:06  SCV  
  18  1:19  SCV  
  19  1:32  Reaper, Refinery  
  20  1:33  Orbital Command  
  20  1:37  Supply Depot  
  20  1:59  SCV  
  21  2:05  Factory  
  21  2:11  SCV  
  21  2:13  Barracks Tech Lab  
  22  2:23  SCV  
  23  2:43  SCV  
  24  2:55  Hellion  
  24  2:56  Marine  
  21  3:21  Hellion  
  21  3:22  Marauder  
  25  4:06  SCV  
  27  4:10  Marauder  
  27  4:11  Concussive Shells  
  27  4:13  Hellion  
  29  4:18  SCV  
  30  4:30  SCV  
  31  4:36  Supply Depot  
  31  4:42  Command Center  
  31  4:57  Combat Shield  
  31  4:58  SCV, Hellion, Marauder  
  36  5:04  Barracks  
  36  5:11  SCV  
  37  5:19  Hellion  
  39  5:26  Supply Depot  
  39  5:33  SCV  
  35  5:47  Marine  
  36  5:50  SCV  
  36  5:53  Supply Depot  
  37  6:02  Command Center  
  37  6:04  Barracks Reactor  
  37  6:06  Factory Reactor  
  37  6:10  Starport  
  35  6:22  Marauder  
  35  6:25  SCV  
  38  6:28  Supply Depot  
  38  6:41  Orbital Command  
  38  6:43  SCV  
  39  6:50  Starport Reactor  
  39  6:53  Cyclone x2  
  43  7:02  Supply Depot  
  43  7:04  Refinery  
  43  7:05  Marine x3  
  46  7:09  SCV  
  46  7:12  SCV  
  46  7:14  Refinery  
  48  7:21  SCV  
  49  7:25  SCV, Cyclone x2  
  49  7:27  Viking x2  
  58  7:32  Engineering Bay  
  58  7:36  SCV  
  60  7:37  SCV  
  60  7:43  Marine x3  
  63  7:48  SCV  
  63  7:49  SCV  
  65  7:57  Cyclone x2, Viking x2  
  65  7:58  Orbital Command  
  73  8:01  SCV x2  
  73  8:02  Marine x3  
  78  8:13  SCV x2  
  80  8:24  Armory  
  80  8:25  Terran Infantry Weapons Level 1, SCV x2  
  80  8:26  SCV  
  83  8:29  Cyclone x2  
  87  8:36  Marine  
  87  8:37  SCV x2, Marine x2  
  87  8:38  SCV  
  87  8:39  Viking  
  95  8:49  SCV x2  
  95  8:50  SCV  
  98  8:58  Command Center  
  98  9:01  SCV x2  
  98  9:02  SCV  
  101  9:06  Supply Depot  
  101  9:18  Supply Depot  
  101  9:23  Terran Vehicle And Ship Armor Level 1  
  101  9:28  SCV x3  
  101  9:30  Marine x3  
  107  9:32  Cyclone  
  109  9:39  Cyclone, Viking x2  
  109  9:40  Supply Depot, SCV  
  116  9:54  Marine  
  117  10:02  Marine x2  
  117  10:04  Supply Depot  
  115  10:12  Marine  
  115  10:19  Marine  
  115  10:20  Marine, Cyclone  
  115  10:21  Cyclone  
  121  10:22  Viking x2  
  121  10:26  Supply Depot  
  125  10:29  Marine  
  82  11:05  Marine x2  
  82  11:06  Marine  
  82  11:07  Cyclone x2  
  82  11:08  Viking x2  
  93  11:14  SCV x3  
  93  11:16  Orbital Command  
  96  11:20  Terran Vehicle And Ship Armor Level 2  
  96  11:21  Terran Infantry Weapons Level 2  
  96  11:24  Supply Depot  
  96  11:26  SCV x3, Marine x3  
  102  11:35  Starport  
  102  11:38  Viking x2  
  102  11:39  Cyclone x2  
  110  11:42  SCV x4  
  114  11:48  Supply Depot  
  114  11:49  Refinery  
  114  11:54  SCV x4  
  118  12:07  Refinery  
  118  12:09  Refinery  
  118  12:11  Supply Depot  
  118  12:13  Marine x3  
  123  12:15  Cyclone x2  
  123  12:17  Viking x2  
  123  12:22  Starport Reactor  
  129  12:30  Supply Depot, Command Center  
  129  12:36  SCV x4  
  133  12:37  Marine x3  
  136  12:46  Medivac  
  136  12:47  Medivac  
  136  12:48  Widow Mine x2  
  144  12:53  Supply Depot  
  144  12:58  Refinery  
  144  13:02  Medivac x2  
  148  13:16  Supply Depot  
  148  13:19  Marine  
  148  13:20  Marine x2  
  148  13:22  Cyclone x2  
  148  13:24  Viking x2  
  159  13:36  Terran Ship Weapons Level 1  
  159  13:37  Terran Infantry Armor Level 1  
  159  13:49  Viking x2  
  159  13:52  SCV x2  
  159  13:53  SCV x2  
  159  13:55  Orbital Command  
  167  13:56  Marine  
  167  13:57  Marine x2, Refinery  
  167  14:00  Cyclone x2  
  167  14:02  Viking x2  
  178  14:25  Marine x3  
  178  14:29  Viking x2  
  185  14:32  Cyclone  
  185  14:33  Cyclone  
Tags
 
Add a new tag
Caveats
  • Supply blocks, unpowered buildings, or Contaminate may cause inaccurate times.
  • Supply counts are checked every 10 seconds.